 Dungeon Crawl Stone Soup version 0.30-a0-222-ge547ba4400 (webtiles) character file.

Game seed: 689015971853873557

75 tbh1313 the Cudgeller (level 4, -2/44 HPs)
             Began as a Troll Berserker on Oct 9, 2022.
             Was a Believer of Trog.
             Slain by an orc
             ... wielding a +0 club
              (4 damage)
             ... on level 3 of the Dungeon.
             The game lasted 00:02:58 (1265 turns).

tbh1313 the Cudgeller (Troll Berserker)             Turns: 1265, Time: 00:02:58

Health: -2/44      AC:  4    Str: 25    XL:     4   Next: 11%
Magic:  3/3        EV: 10    Int:  5    God:    Trog [**....]
Gold:   51         SH:  0    Dex:  9    Spells: 3/3 levels left

rFire   . . .      SeeInvis .    a - +1 mace
rCold   . . .      Faith    .    (no shield)
rNeg    . . .      Spirit   .    b - +0 animal skin
rPois   .          Reflect  .    (helmet restricted)
rElec   .          Harm     .    (no cloak)
rCorr   .          Rampage  .    (gloves unavailable)
Will    .....                    (boots unavailable)
Stlth   +.........               (no amulet)
HPRegen 1.07/turn                (no ring)
MPRegen 0.08/turn                (no ring)

@: mighty, lethally poisoned (-2 -> -6)
A: large, unfitting armour, claws 3, regeneration 1, shaggy fur 1, tough skin 1
a: Renounce Religion, Berserk, Trog's Hand


You were on level 3 of the Dungeon.
You worshipped Trog.
Trog was pleased with you.
You visited 1 branch of the dungeon, and saw 3 of its levels.

You collected 51 gold pieces.

Inventory:

Hand Weapons
 a - a +1 mace (weapon)
Armour
 b - a +0 animal skin (worn)
Jewellery
 j - an amulet of faith
Scrolls
 c - 3 scrolls of enchant weapon
 e - a scroll of immolation
 i - a scroll of teleportation {unknown}
Potions
 d - a potion of haste
 g - a potion of lignification {unknown}
 h - a potion of curing {unknown}
 k - a potion of heal wounds {unknown}


   Skills:
 - Level 2.4 Fighting
 + Level 4.5 Maces & Flails
 - Level 2.4 Dodging


You had 3 spell levels left.
You didn't know any spells.
Your spell library was empty.

Dungeon Overview and Level Annotations

Branches:
Dungeon (3/15)

Altars:
Ashenzari
Gozag
Makhleb
Okawaru
Xom
The Shining One


Innate Abilities, Weirdness & Mutations

You are too large for most types of armour.
You have claws for hands.
Your natural rate of healing is unusually fast.
You are covered in fur. (AC +1)
You have tough skin. (AC +1)


Message History

You are too injured to fight recklessly!
You are too injured to fight recklessly!
You are too injured to fight recklessly!
You closely miss the orc priest.
You hear a shout!
The orc priest barely misses you.
You hit the orc priest.
The orc priest is heavily wounded.
The orc priest hits you with a +0 hand axe.
The orc hits you but does no damage.
You are poisoned.
You barely miss the orc priest.
The orc priest is heavily wounded.
You feel sick. The orc barely misses you.
The orc priest hits you with a +0 hand axe.
A scorpion comes into view.
You hit the orc priest but do no damage.
The orc priest is heavily wounded.
You feel sick. The orc priest misses you.
The orc hits you with a +0 dagger of venom.
You are more poisoned.
You hit the orc priest but do no damage.
The orc priest is heavily wounded.
You feel very sick.
The orc hits you with a +0 dagger of venom.
You are more poisoned.
The orc priest hits you with a +0 hand axe.
The orc priest barely misses you.
You barely miss the orc priest.
The orc priest is heavily wounded.
You feel very sick. The orc priest misses you. The orc hits you with a +0 club.
* * * LOW HITPOINT WARNING * * *
You feel very mighty all of a sudden.
You feel very sick.
The orc priest calls down the wrath of Beogh upon you.
Pain shoots through your body!
* * * LOW HITPOINT WARNING * * *
The orc hits you with a +0 club.
You die...

#.....###########
#..........!
#..<...##.......#
#...........
#.......##..###
#...........
#.....#.......#
#..[........
###.######..#.##
...#...#..... #.#
##.#[.#
##...#.#...<. #.#
#.##.# #... #.#
#!..># #... #.#
###.@# ... #.
##ooo....# ..
#s####..# #. #.#
#.## #.# #... #..
###... ... #..._.
#.# .#.....
#.......


You could see a scorpion, an orc priest and 2 orcs.

Levels and vault maps discovered:
D:1:      scummos_arrival_checkerplants, layout_basic,
          hellmonk_ecumenical_altar_run_dry, minmay_tetromino_l4
D:2:      layout_rooms
D:3:      layout_rooms, grunt_temple_overflow_open,
          mainiacjoe_overflow_tiny_flanked, nicolae_overflow_hidden_temple,
          nicolae_ru_path_of_blood

Notes
Turn   | Place    | Note
-------+----------+-------------------------------------------
     0 | D:1      | tbh1313 the Troll Berserker began the quest for the Orb.
     0 | D:1      | Reached XP level 1. HP: 22/22 MP: 0/0
    36 | D:1      | Found a faded altar of an unknown god.
    55 | D:1      | Reached skill level 3 in Maces & Flails
    86 | D:1      | Reached XP level 2. HP: 29/29 MP: 1/1
   537 | D:1      | Reached XP level 3. HP: 36/36 MP: 2/2
   630 | D:2      | Reached ** piety under Trog
   641 | D:2      | Reached skill level 4 in Maces & Flails
  1022 | D:2      | You fall into a shaft and drop 1 floor!
  1062 | D:3      | Reached XP level 4. HP: 29/44 MP: 3/3
  1077 | D:3      | Found a burning altar of Makhleb.
  1084 | D:3      | Found an opulent altar of Gozag.
  1084 | D:3      | Found a broken altar of Ashenzari.
  1085 | D:3      | Found a shimmering altar of Xom.
  1086 | D:3      | Found a glowing golden altar of the Shining One.
  1096 | D:3      | Found an iron altar of Okawaru.
  1261 | D:3      | Noticed a scorpion
  1265 | D:3      | HP: 2/44 [orc priest/nerve-wracking pain (7)]
  1265 | D:3      | Slain by an orc

Table legend: (Time is in decaauts)
 A = Elapsed time spent in this place.
 B = Non-inter-level travel time spent in this place.
 C = Inter-level travel time spent in this place.
 D = Time resting spent in this place.
 E = Time spent auto-exploring this place.
 F = Levels seen in this place.
 G = Mean time per level.
                   A        B        C        D        E       F      G
               +--------+--------+--------+--------+--------+-----+--------+
         Total |   1297 |   1241 |     56 |     33 |    858 |   3 |  432.3 |
       Dungeon |   1297 |   1241 |     56 |     33 |    858 |   3 |  432.3 |
               +--------+--------+--------+--------+--------+-----+--------+

Top non-repeatable levels by time:
     D:1: 644 daAuts
     D:2: 545 daAuts
     D:3: 107 daAuts

Table legend:
 A = Kills in this place as a percentage of kills in entire the game.
 B = Kills by you in this place as a percentage of kills by you in the entire game.
 C = Kills by friends in this place as a percentage of kills by friends in the entire game.
 D = Other kills in this place as a percentage of other kills in the entire game.
 E = Experience gained in this place as a percentage of experience gained in the entire game.
 F = Experience gained in this place divided by the number of levels of this place that you have seen.
                   A       B       C       D       E      F
               +-------+-------+-------+-------+-------+----------------------
         Total | 100.0 | 100.0 |   N/A |   N/A | 100.0 |  36.0
       Dungeon | 100.0 | 100.0 |   N/A |   N/A | 100.0 |  36.0
               +-------+-------+-------+-------+-------+----------------------

Action                   |  1- 3 |  4- 6 || total
-------------------------+-------+-------++-------
Melee: Mace              |   141 |    18 ||   159
       Punch             |     1 |       ||     1
  Use: Scroll            |     5 |       ||     5
       Potion            |       |     1 ||     1
Armor: Animal skin       |    61 |    13 ||    74
Dodge: Dodged            |    99 |    16 ||   115

Vanquished Creatures
  An adder (D:3)
  A worm (D:2)
  A dart slug (D:1)
  An orc (D:3)
  4 bats
  7 endoplasms
  A giant cockroach (D:2)
  8 goblins
  4 hobgoblins
  4 jackals
  4 quokkas
  A ball python (D:2)
  6 frilled lizards
  7 kobolds
  4 rats
54 creatures vanquished.
